 Dungeon Crawl Stone Soup version 0.28.0-53-g5a82cb258f (webtiles) character file.

Game seed: 4425805171145569360

1 Descartes the Sneak (level 1, 0/10 HPs)
             Began as a Felid Delver on July 5, 2022.
             Slain by a gnoll
             ... wielding a +0 spear
              (3 damage)
             ... on level 5 of the Dungeon.
             The game lasted 00:00:22 (108 turns).

Descartes the Sneak (Felid Delver)                   Turns: 108, Time: 00:00:22

Health: 0/10       AC:  1    Str:  8    XL:     1   Next: 16%
Magic:  2/2        EV: 17    Int: 11    God:
Gold:   18         SH:  0    Dex: 17    Spells: 0/0 levels left
                                        Lives:  0   Deaths: 0

rFire   . . .      SeeInvis +     - Unarmed
rCold   . . .      Faith    .   (shield unavailable)
rNeg    . . .      Spirit   .   (armour unavailable)
rPois   .          Reflect  .   (helmet unavailable)
rElec   .          Harm     .   (cloak unavailable)
rCorr   .          Rampage  .   (gloves unavailable)
Will    .....                   (boots unavailable)
Stlth   +++.......              (no amulet)
HPRegen 0.03/turn               (no ring)
MPRegen 0.08/turn               (no ring)

@: quick
A: very small, claws 1, fangs 3, see invisible, speed 1, shaggy fur 1, stealthy
paws, no weapons or thrown items, no armour, multi-lived
a: no special abilities


You were on level 5 of the Dungeon.
You visited 1 branch of the dungeon, and saw 1 of its levels.

You collected 18 gold pieces.

Inventory:

Wands
 e - a wand of digging (3)
Scrolls
 a - a scroll of fog
 b - a scroll of magic mapping
 c - a scroll of fear
 g - a scroll of noise {unknown}
Potions
 d - a potion of haste
 f - a potion of magic {unknown}


   Skills:
 - Level 3.0 Fighting
 + Level 2.7 Dodging
 * Level 6.6 Stealth
 + Level 2.0 Unarmed Combat


You couldn't memorise any spells.
You didn't know any spells.
Your spell library was empty.

Dungeon Overview and Level Annotations

Branches:
Dungeon (5/15)
 Temple: D:4-7

Altars:


Innate Abilities, Weirdness & Mutations

You have sharp claws.
You have razor-sharp teeth.
You have supernaturally acute eyesight. (SInv)
You cover ground quickly. (Speed+)
You are covered in fur. (AC +1)
Your paws help you pounce on unaware monsters.
You are incapable of wielding weapons or throwing items.
You cannot wear armour.
You gain extra lives every three experience levels.


Message History

You see here 10 arrows.
Found a falchion.
g - a scroll labelled GUGOYB XUTITAA You hear the slow rusting of a very distant drain.
An ogre comes into view. It is wielding a +0 giant club.
Found a pair of gloves.
Found 5 curare-tipped darts.
The ogre shouts!
You scratch the ogre but do no damage.
A phantom comes into view.
The ogre closely misses you.
You scratch the ogre.
The ogre is lightly wounded.
You scratch the ogre but do no damage.
The ogre is lightly wounded.
The ogre hits you with a +0 giant club.
You scratch the ogre. Your bite misses the ogre.
The ogre is lightly wounded.
The ogre misses you.
You open the door.
There is an open door here.
A quokka comes into view.
Found a ruby potion.
The helpless quokka fails to defend itself.
You mangle the quokka!!
You kill the quokka!
As you open the door, it creaks loudly!
You hear a shout! x2
You hear an angry hiss.
There is an open door here. 2 gnolls come into view.
A gnoll comes into view. It is wielding a +0 flail.
The gnoll shouts!
A ball python comes into view.
A gnoll shaman comes into view. It is wielding a +0 whip.
The gnoll hits you with a +0 whip.
Ouch! That really hurt!
* * * LOW HITPOINT WARNING * * *
You scratch the gnoll but do no damage.
The gnoll hits you from afar with a +0 spear.
You die...

....... ..... #.......
.....! #....... ...##.#
#....... ..##.# #.......
gS##.# #...(...
#g##.######.......
#g##...O....### #.
#@##...####...# #.
...####.##...####...###.
.........'......+...O...
......#.##†..####...##..
......+..#...# #...##..
..... #..#...# ######..
###.. #..###### #..
...#.##.......# #..
...#..#.......# #.#


You could see a gnoll shaman, 2 gnolls and a ball python.

Vanquished Creatures
  A quokka (D:5)
1 creature vanquished.

Notes
Turn   | Place    | Note
-------+----------+-------------------------------------------
     0 | D:5      | Descartes the Felid Delver began the quest for the Orb.
     0 | D:5      | Reached XP level 1. HP: 10/10 MP: 2/2
    64 | D:5      | Noticed an ogre
    68 | D:5      | Noticed a phantom
   107 | D:5      | Noticed a gnoll shaman
   108 | D:5      | Slain by a gnoll

Illustrated notes

Levels and vault maps discovered:
D:5:      layout_basic, cheibrodos_sewer_entry_sluice,
          gammafunk_ghost_gnarly_gnolls, nrook_campfire, grunt_ministairs_6

Action                   || total
-------------------------++-------
Melee: Unarmed           ||     6
 Stab: Sleeping          ||     1
Dodge: Dodged            ||     2
